 Dungeon Crawl Stone Soup version 0.29.0-5-ge4962eb29e (webtiles) character file.

Game seed: 16809946240397156469

99 Tiocfaidh the Caller (level 4, -2/30 HPs)
             Began as a Demonspawn Summoner on Aug 28, 2022.
             Slain by Natasha (7 damage)
             ... on level 2 of the Dungeon.
             The game lasted 00:14:51 (2308 turns).

Tiocfaidh the Caller (Demonspawn Summoner)          Turns: 2308, Time: 00:14:52

Health: -2/30      AC:  3    Str:  8    XL:     4   Next: 45%
Magic:  4/7        EV: 12    Int: 19    God:
Gold:   44         SH:  0    Dex: 13    Spells: 2/8 levels left

rFire   . . .      SeeInvis .   f - +0 dagger
rCold   . . .      Faith    .   (no shield)
rNeg    . . .      Spirit   .   a - +0 robe
rPois   .          Reflect  .   h - +1 hat
rElec   .          Harm     .   (no cloak)
rCorr   .          Rampage  .   (no gloves)
Will    .....                   (no boots)
Stlth   ++........              (no amulet)
HPRegen 0.10/turn               (no ring)
MPRegen 0.10/turn               (no ring)

@: no status effects
A: horns 1, demonic touch 2
a: no special abilities


You were on level 2 of the Dungeon.
You visited 1 branch of the dungeon, and saw 2 of its levels.

You collected 44 gold pieces.

Inventory:

Hand Weapons
 f - a +0 dagger (weapon)
 g - a +0 sling
Armour
 a - a +0 robe (worn)
 h - a +1 hat (worn)
Scrolls
 c - a scroll of immolation {unknown}
 e - 3 scrolls of identify {unknown}
 i - a scroll of teleportation {unknown}
 k - a scroll of fear {unknown}
 l - a scroll of amnesia {unknown}
 o - a scroll of enchant weapon {unknown}
Potions
 b - a potion of magic
 d - a potion of berserk rage {unknown}
 j - a potion of brilliance {unknown}
 m - a potion of lignification {unknown}
 n - 2 potions of flight {unknown}


   Skills:
 + Level 1.8 Dodging
 + Level 2.6 Stealth
 + Level 2.5 Spellcasting
 + Level 5.2 Summonings


You had 2 spell levels left.
You knew the following spells:

 Your Spells              Type           Power      Damage    Failure   Level
a - Summon Small Mammal   Summ           88%        N/A       1%          1
b - Call Imp              Summ           22%        N/A       2%          2
c - Call Canine Familiar  Summ           22%        N/A       5%          3

Your spell library contained the following spells:

 Spells                   Type           Power      Damage    Failure   Level
 Slow                     Hex            8%         N/A       16%         1
 Summon Guardian Golem    Hex/Summ       12%        N/A       17%         3
 Confusing Touch          Hex            2%         N/A       43%         3
 Dazzling Flash           Conj/Hex       4%         N/A       43%         3
 Vampiric Draining        Necr           2%         2d6       43%         3
 Summon Lightning Spire   Summ/Air       12%        N/A       50%         4
 Iskenderun's Mystic Bla  Conj/Tloc      2%         2d3       85%         4
 Starburst                Conj/Fire      1%         6d3       100%        6


Dungeon Overview and Level Annotations

Branches:
Dungeon (2/15)

Altars:
Yredelemnul

Annotations:
D:2 Natasha


Innate Abilities, Weirdness & Mutations

You have a pair of small horns on your head.
Your touch may inflict irresistible damage on your foes.


Message History

Your hound bites the adder.
The adder dies!
Natasha mumbles some strange words.
Your hound barely misses Natasha.
Your hound bites Natasha.
Natasha misses your hound.
The crimson imp blinks!
Your hound barely misses Natasha.
Natasha misses your hound.
Your hound misses Natasha.
Your hound closely misses Natasha.
Natasha mumbles some strange words.
The crimson imp blinks!
Your hound bites Natasha but does no damage.
Casting: Call Canine Familiar (dangerous; 5% risk of failure)
Confirm with . or Enter, or press ? or * to list all spells.
Okay, then.
Natasha claws your hound!
Your hound dies!
Your hound's corpse disappears in a puff of smoke!
The crimson imp blinks!
You closely miss Natasha. You headbutt Natasha.
Natasha is lightly wounded.
Natasha closely misses you. The white imp hits you. The white imp freezes you.
You hit Natasha.
Natasha is moderately wounded.
Natasha mumbles some strange words.
Natasha shimmers violently.
Natasha barely misses you. The white imp gestures at you.
The puff of frost hits you.
Casting: Call Canine Familiar (dangerous; 5% risk of failure)
Confirm with . or Enter, or press ? or * to list all spells.
Natasha claws you. The white imp hits you. The white imp freezes you.
You hit Natasha. Your headbutt misses Natasha.
Natasha is heavily wounded.
Natasha claws you but does no damage.
Your hound bites Natasha.
The white imp hits you.
* * * LOW HITPOINT WARNING * * *
The white imp freezes you.
* * * LOW HITPOINT WARNING * * *
Natasha attacks as you move away! Natasha claws you!
You die...

.. .#......### #.# ...
#...#......###.# #..
..#...........#########
.# .
#...#....###..........
.# #. #..#..###
##########. #.
...###...############
#. ..#
..#...#.............#
#† ...
.#.....#..#########.#
#. ... #.....hh@.# #.#
#. ... .#.....#5## #.#
#. ..# ..#...#..# #.#
#. ##. .#...###...# #.#
## .# #...#. .#..# #.#
.###.....# ...#.# #.#
#..#.....# .# ....
#.####
...#.....#...#...#.##
#....#
..#.#...#.#....... ..
####.#


You could see Natasha (ally target), a white imp (summoned) and a friendly hound
(summoned).

Vanquished Creatures
  An adder (D:2)
  A dart slug (D:1)
  A giant cockroach (D:1)
  A goblin (D:1)
  2 hobgoblins (D:1)
  A kobold (D:2)
  A quokka (D:1)
  3 ball pythons
  3 bats
  2 rats
16 creatures vanquished.

Vanquished Creatures (collateral kills)
  Natasha (D:2)
  2 adders (D:2)
  A dart slug (D:1)
  A bat (D:2)
  2 endoplasms (D:1)
  3 giant cockroaches
  A goblin (D:1)
  A hobgoblin (D:1)
  5 jackals
  A kobold (D:1)
  2 quokkas (D:2)
  2 ball pythons (D:1)
  2 frilled lizards (D:1)
  A rat (D:2)
25 creatures vanquished.

Grand Total: 41 creatures vanquished

Notes
Turn   | Place    | Note
-------+----------+-------------------------------------------
     0 | D:1      | Tiocfaidh the Demonspawn Summoner began the quest for the
                  | Orb.
     0 | D:1      | Reached XP level 1. HP: 13/13 MP: 3/3
   754 | D:1      | Discovered your monstrous ancestry.
   754 | D:1      | Gained mutation: You have a pair of small horns on your
                  | head. [demonic ancestry]
   754 | D:1      | Reached XP level 2. HP: 17/19 MP: 1/5
  1226 | D:1      | Learned a level 2 spell: Call Imp
  1285 | D:1      | Gained mutation: Your touch may inflict minor irresistible
                  | damage on your foes. [demonic ancestry]
  1285 | D:1      | Reached XP level 3. HP: 24/24 MP: 3/6
  1968 | D:1      | Learned a level 3 spell: Call Canine Familiar
  1978 | D:2      | Found a basalt altar of Yredelemnul.
  2110 | D:2      | Noticed Natasha
  2123 | D:2      | Killed Natasha
  2124 | D:2      | Reached skill level 5 in Summonings
  2124 | D:2      | Gained mutation: Your touch may inflict irresistible damage
                  | on your foes. [demonic ancestry]
  2124 | D:2      | Reached XP level 4. HP: 30/30 MP: 3/7
  2290 | D:2      | Noticed Natasha
  2308 | D:2      | Slain by Natasha

Illustrated notes

Levels and vault maps discovered:
D:1:      ebering_trefoil_twist, layout_basic
D:2:      layout_loops_ring, basic_altar, minmay_splitting_lines,
          minmay_misc_feat_five, hangedman_glass_teeth, uniq_natasha

Skill      XL: |  1  2  3 |
---------------+----------+-----
Stealth        | 2 |  2.6
Summonings     | 5 |  5.2
Dodging        | |  1.8
Spellcasting   | |  2.5

Action                   |  1- 3 |  4- 6 || total
-------------------------+-------+-------++-------
Melee: Unarmed           |    41 |       ||    41
       Dagger            |    30 |     9 ||    39
       Headbutt          |     8 |     2 ||    10
       Touch             |     4 |     2 ||     6
 Cast: Summon Small Mamm |    29 |       ||    29
       Call Imp          |     4 |       ||     4
       Call Canine Famil |     2 |     2 ||     4
 Stab: Sleeping          |     3 |       ||     3
Armor: Robe              |    29 |     6 ||    35
Dodge: Dodged            |    81 |     5 ||    86
